 Dungeon Crawl Stone Soup version 0.26.0-10-g1f06aea511 (webtiles) character file.

Game seed: 9870130428885468150

245 funkygono the Conjurer (level 5, -3/39 HPs)
             Began as a Draconian Conjurer on Jan 31, 2021.
             Slain by an orc warrior
             ... wielding a +0 short sword
              (11 damage)
             ... on level 3 of the Dungeon.
             The game lasted 00:08:31 (3831 turns).

funkygono the Conjurer (Draconian Conjurer)         Turns: 3831, Time: 00:08:31

Health: -3/39      AC: 12    Str: 10    XL:     5   Next: 84%
Magic:  2/9        EV: 26    Int: 19    God:
Gold:   224        SH:  3    Dex:  9    Spells: 7/10 levels left

rFire    x . .     SeeInvis .   n - +0 whip
rCold    + . .     Faith    .   b - +1 buckler
rNeg     . . .     Spirit   .   (armour unavailable)
rPois    .         Reflect  .   (helmet restricted)
rElec    .         Harm     .   h - +1 cloak
rCorr    .         Rampage  .   i - +2 pair of gloves
Will     .....                  q - +1 pair of boots
Stlth    ++........             o - amulet of the acrobat
HPRegen  0.13/turn              p - ring of ice
MPRegen  0.11/turn              (no ring)

@: acrobat
A: unfitting armour, cold-blooded, AC +5
a: no special abilities


You were on level 3 of the Dungeon.
You visited 1 branch of the dungeon, and saw 4 of its levels.

You collected 224 gold pieces.

Inventory:

Hand Weapons
 n - a +0 whip (weapon)
Missiles
 c - 101 stones
Armour
 b - a +1 buckler (worn)
 h - a +1 cloak (worn)
 i - a +2 pair of gloves (worn)
 q - a +1 pair of boots (worn)
Jewellery
 m - an uncursed amulet of faith
 o - an amulet of the acrobat (around neck)
 p - a ring of ice (left hand)
Wands
 e - a wand of iceblast (5)
 f - a wand of random effects (17)
Scrolls
 a - 2 scrolls of teleportation
 g - a scroll of amnesia
 k - a scroll of random uselessness {unknown}
 r - a scroll of fog
Potions
 j - 2 potions of haste
 u - a potion of flight


   Skills:
 + Level 0.3 Fighting
 + Level 0.9 Maces & Flails
 + Level 2.5 Dodging
 + Level 2.0 Stealth
 * Level 3.2 Spellcasting
 * Level 5.9 Conjurations


You had 7 spell levels left.
You knew the following spells:

 Your Spells              Type           Power        Failure   Level
a - Magic Dart            Conj           100%         2%          1
b - Searing Ray           Conj           50%          3%          2

Your spell library contained the following spells:

 Spells                   Type           Power        Failure   Level
 Dazzling Flash           Conj/Hex       28%          22%         3
 Fulminant Prism          Conj/Hex       7%           58%         4
 Iskenderun's Mystic Bla  Conj/Tloc      14%          58%         4


Dungeon Overview and Level Annotations

Branches:
Dungeon (4/15)
 Temple: D:4-7

Altars:
Ashenzari
Gozag
Uskayaw
Wu Jian


Innate Abilities, Weirdness & Mutations

Your plain brown scales are hard. (AC +5)
You cannot fit into any form of body armour.
You are cold-blooded and may be slowed by cold attacks.


Message History

The orc warrior is severely wounded.
The searing ray hits the giant cockroach!
You kill the giant cockroach!
The orc warrior completely misses you.
The searing ray hits the orc warrior.
The orc warrior is severely wounded.
The orc warrior closely misses you.
The searing ray hits the orc warrior.
The orc warrior is almost dead.
You finish channeling your searing ray.
The orc warrior barely misses you.
You hit the orc warrior but do no damage.
The orc warrior is almost dead.
The orc warrior hits you with a +0 short sword!
* * * LOW HITPOINT WARNING * * *
You feel better.
The orc warrior hits you with a +0 short sword!
* * * LOW HITPOINT WARNING * * *
You see here an uncursed amulet of inaccuracy.
The orc warrior hits you with a +0 short sword!
You die...

####.#......................#
#...................#######.#
####.##.#..#...#)##.#..# #.#
.....##.#........##.#..# #.##
####.##.............#".# #...
.................####..# ###.#.
###.......##...#.# #..#####...#.
###..........).#.####..##....####
.##.#.##########@#.....##.##.>.#.
)...#.# ###.o?.......####.#.
.##.#># ##...#.###.#### #...
###.#.# #>.....###.# ##.#
###.#.#### #.......>..# #.#
....#....# #......##### #.#
....####.#####...#.# #.# ###.#
#...........# #.# # #.#
########.#### #.#


You could see an orc warrior.

Vanquished Creatures
  A bullfrog zombie (D:3)
  A worker ant (D:4)
  4 gnolls
  6 adders
  3 worms
  A dart slug (D:3)
  4 leopard geckos
  8 orcs
  9 giant cockroaches
  5 hobgoblins
  4 jackals (D:4)
  2 quokkas (D:2)
  2 ball pythons (D:1)
  5 bats
  3 frilled lizards
  4 goblins
  9 kobolds
  10 rats
81 creatures vanquished.

Notes
Turn   | Place    | Note
-------+----------+-------------------------------------------
     0 | D:1      | funkygono the Draconian Conjurer began the quest for the
                  | Orb.
     0 | D:1      | Reached XP level 1. HP: 14/14 MP: 3/3
   259 | D:1      | Reached XP level 2. HP: 16/20 MP: 0/5
   267 | D:1      | Learned a level 2 spell: Searing Ray
   701 | D:1      | Reached XP level 3. HP: 26/26 MP: 2/6
  1029 | D:2      | Found an opulent altar of Gozag.
  1054 | D:2      | Found a hide-covered altar of Uskayaw.
  1066 | D:2      | Found an ornate altar of the Wu Jian Council.
  1305 | D:2      | Found a faded altar of an unknown god.
  1314 | D:2      | Reached skill level 5 in Conjurations
  1453 | D:2      | Reached XP level 4. HP: 28/33 MP: 0/7
  2634 | D:3      | Reached XP level 5. HP: 38/38 MP: 3/8
  3076 | D:3      | Found a broken altar of Ashenzari.
  3717 | D:4      | Noticed an orc warrior
  3831 | D:3      | Slain by an orc warrior

Illustrated notes

Levels and vault maps discovered:
D:1:      lightli_arrival_boilingwater, layout_basic
D:2:      layout_loops_ring, minitemple, chequers_ecumenical_altar_simple_redux,
          minmay_pentomino_p4
D:3:      layout_loops_ring, lemuel_doored_altar, serial_park_tiny_2
D:4:      layout_cave_pools, hangedman_decor_clover_reticule, minivault_27

Skill      XL: |  1  2  3  4  5 |
---------------+----------------+-----
Dodging        | 2 |  2.5
Conjurations   | 5 |  5.9
Stealth        | 2 |  2.0
Spellcasting   | 3 |  3.2
Fighting       | |  0.3
Maces & Flails | |  0.9

Action                   |  1- 3 |  4- 6 || total
-------------------------+-------+-------++-------
Melee: Club              |     9 |    24 ||    33
       Tailslap          |       |     2 ||     2
       Whip              |       |    36 ||    36
 Cast: Magic Dart        |    49 |    74 ||   123
       Searing Ray       |     6 |    19 ||    25
  Use: Scroll            |     4 |    13 ||    17
       Potion            |       |     3 ||     3
Armor: Skin              |     7 |    30 ||    37
Dodge: Dodged            |    20 |    48 ||    68
Block: Buckler           |     1 |    12 ||    13
